 Dungeon Sprint DCSS version 0.22-a0-362-g535178c (webtiles) character file.

71402 emperorscorpion the Hawkeye (level 14, 0/135 HPs)
             Began as a Centaur Hunter on Apr 21, 2018.
             Was the Champion of Okawaru.
             Killed from afar by Nikola (9 damage)
             ... with a chain lightning
             ... in the Dungeon (Sprint IX: "|||||||||||||||||||||||||||||").
             The game lasted 00:31:15 (6023 turns).

emperorscorpion the Hawkeye (Centaur Hunter)        Turns: 6023, Time: 00:31:16

Health: 0/135      AC: 28    Str: 20    XL:     14   Next: 97%
Magic:  25/25      EV: 16    Int:  2    God:    Okawaru [******]
Gold:   25         SH:  4    Dex: 16    Spells: 13/13 levels left

rFire    . . .     SeeInvis .   b - +4 scimitar "Riobiush" {freeze, rC+++ Str+3 Int-5 Dex-3}
rCold    + + +     Gourm    .   (no shield)
rNeg     . . .     Faith    .   U - +6 scale mail of Creativity {+Blink Regen+ rCorr Int-3}
rPois    .         Spirit   .   V - +1 helmet
rElec    .         Reflect  +   S - +1 cloak
rCorr    +         Harm     .   (no gloves)
MR       +....     NoTele   +   G - +1 centaur barding {rC+}
Stlth    +.........             K - +4 amulet of reflection
HPRegen  0.72/turn              C - +6 ring of dexterity
MPRegen  0.19/turn              p - +4 ring of evasion

@: very quick
A: large, hooves 3, deformed body, speed 2, tough skin 3
a: Heroism, Finesse, Renounce Religion, Evoke Blink


You were in the Dungeon.
You worshipped Okawaru.
Okawaru was exalted by your worship.
You were hungry.

You visited 1 branch You collected 1900 gold pieces.
You spent 1875 gold pieces at shops.

Inventory:

Hand Weapons
 a - the +2 scimitar of Hepliaklqana's Hatred {venom, Int+4}
   (You found it in the Dungeon)

   It poisons the flesh of those it strikes.
   It affects your intelligence (+4).
 b - the +4 scimitar "Riobiush" (weapon) {freeze, rC+++ Str+3 Int-5 Dex-3}
   (Okawaru gifted it to you in the Dungeon)

   It has been specially enchanted to freeze those struck by it, causing extra
   injury to most foes and up to half again as much damage against particularly
   susceptible opponents.
   It can also slow down cold-blooded creatures.
   It affects your strength (+3).
   It affects your intelligence (-5).
   It affects your dexterity (-3).
   It renders you almost immune to cold.
Missiles
 d - 4 throwing nets {!f}
 z - 10 tomahawks
 A - 3 needles of sleeping
 D - 5 javelins of returning (quivered)
 H - 17 javelins
 O - 5 needles of frenzy
 P - a throwing net {!q}
 Z - 2 silver javelins
Armour
 r - +0 fire dragon scales
 E - a +0 shield of protection
 G - a +1 centaur barding of cold resistance (worn)
 M - the +1 leather armour "Fanlynait" {Dex+3}
   (You bought it in a shop in the Dungeon)

   It affects your dexterity (+3).
 S - a +1 cloak (worn)
 T - +0 swamp dragon scales
 U - the +6 scale mail of Creativity (worn) {+Blink Regen+ rCorr Int-3}
   (You found it in the Dungeon)

   It affects your intelligence (-3).
   It lets you blink.
   It increases your rate of regeneration.
   It protects you from acid and corrosion.
 V - a +1 helmet (worn)
Jewellery
 p - a +4 ring of evasion (right hand)
 s - a +3 ring of strength
 B - an uncursed ring of see invisible
 C - a +6 ring of dexterity (left hand)
 K - a +4 amulet of reflection (around neck)
 Q - an uncursed ring of protection from fire
 R - a +4 ring of dexterity
Wands
 n - a wand of iceblast (10)
 J - a wand of scattershot (3)
 N - a wand of acid (7)
Scrolls
 k - 2 scrolls of blinking
 l - 2 scrolls of remove curse
 m - 3 scrolls of amnesia
 w - 9 scrolls of enchant armour
 x - 7 scrolls of fog
 y - 3 scrolls of identify
 X - 4 scrolls of fear
 Y - 2 scrolls of enchant weapon
Potions
 e - 5 potions of curing
 g - 15 potions of heal wounds
 h - 5 potions of haste
 i - 4 potions of magic
 j - a potion of agility
 o - a potion of ambrosia {unknown}
 u - 2 potions of mutation
 v - 2 potions of resistance
 I - 2 potions of cancellation
 L - a potion of might
 W - a potion of berserk rage
Comestibles
 f - 17 rations
 q - 7 chunks of flesh


   Skills:
 + Level 15.5 Fighting
   Level 2.4(11.4) Short Blades
 + Level 16.6(16.7) Long Blades
 - Level 22.6 Throwing
 + Level 13.1 Armour
 + Level 10.3 Dodging
 - Level 3.7 Stealth
 + Level 2.1 Shields
 + Level 15.5 Invocations
 - Level 12.1 Evocations


You had 13 spell levels left.
You didn't know any spells.

Dungeon Overview and Level Annotations

Branches:
Dungeon (1/1)

Altars:
Cheibriados
Dithmenos
Elyvilon
Fedhas
Gozag
Hepliaklqana
Kikubaaqudgha
Makhleb
Nemelex Xobeh
Okawaru
Qazlal
Ru
Sif Muna
Trog
Uskayaw
Vehumet
Wu Jian
Xom
Yredelemnul
Zin
The Shining One
Beogh
Jiyva
Lugonu

Shops:
D **%%

Annotations:
D Nikola


Innate Abilities, Weirdness & Mutations

You have hooves in place of feet.
Armour fits poorly on your strangely shaped body.
You cover ground very quickly.
You have extremely tough skin. (AC +3)


Message History

Aim: Nikola, wielding a rapier of electrocution, wearing a runed cloak and wearing a pair of gloves (heavily wounded, fast)
You throw a javelin of returning.
The javelin of returning barely misses Nikola.
The javelin of returning fails to return to your pack!
Nikola gestures wildly while chanting.
Nikola blinks!
Throwing (i - inventory. (/) - cycle)
D - 5 javelins of returning (quivered)
Press: ? - help, Shift-Dir - straight line, f/p - Nikola
Aim: Nikola, wielding a rapier of electrocution, wearing a runed cloak and wearing a pair of gloves (heavily wounded, fast)
You throw a javelin of returning. The javelin of returning hits Nikola!!
Nikola is heavily wounded.
The javelin of returning returns to your pack!
Nikola casts a spell.
You hear a mighty clap of thunder!
The lightning arc hits you!
* * * LOW HITPOINT WARNING * * *
The lightning arc hits Nikola.
The lightning arc hits you!
* * * LOW HITPOINT WARNING * * *
The lightning arc hits Nikola.
The lightning arc hits you!
You die...

.▓.▓.▓(▓.▓[▓.▓)▓.▓
.▓[▓.▓(▓.▓)▓.▓.▓.▓
.▓[▓.▓÷▓.▓.▓.▓.▓.▓
.▓[▓.▓.▓.▓(▓.▓.▓.▓
.▓.▓.▓.▓.▓(▓.▓[▓.▓
.▓.▓.▓.▓.▓.▓.▓[▓.▓
.▓.▓.▓.▓.▓÷▓)▓[▓.▓
.▓.▓.▓)▓[▓)▓.▓[▓.▓
.▓.▓.♣÷♣.▓(▓.▓[▓@▓
.▓(▓.♣.♣.▓'▓.▓[▓.▓
.▓.▓.♣)♣.▓)▓.▓.▓@▓
.▓.▓.♣.♣.▓)▓.▓.▓(▓
.▓.▓.♣.♣.▓.▓.▓.▓.▓
.▓.▓.♣.♣.▓)▓.▓.▓.▓
.▓.▓.♣.♣.▓.▓.▓.▓.▓
.▓'▓.♣.♣.▓.▓.▓.▓§▓
.▓)▓.♣.♣.▓(▓.▓.▓.▓


You could see Nikola.

Vanquished Creatures
  A lich (D)
  A storm dragon (D)
  2 sphinxes (D)
  Agnes (D)
  Kirke (D)
  A frost giant (D)
  A nagaraja (D)
  A fire giant (D)
  A vault warden (D)
  An entropy weaver (D)
  A very ugly thing (D)
  2 ironheart preservers (D)
  3 stone giants (D)
  Snorg (D)
  A merfolk impaler (D)
  Josephine (D)
  2 fire dragons (D)
  2 hydras (D)
  A merfolk javelineer (D)
  5 yaktaur captains (D)
  A great orb of eyes (D)
  Harold (D)
  A rakshasa (D)
  A merfolk avatar (D)
  4 centaur warriors (D)
  An alligator (D)
  A ghost crab (D)
  5 two-headed ogres (D)
  A tengu warrior (D)
  6 ogre magi (D)
  A deep troll shaman (D)
  2 vampire magi (D)
  Urug (D)
  A shock serpent (D)
  Nergalle (D)
  A skeletal warrior (D)
  A sea snake (D)
  A glowing orange brain (shapeshifter) (D)
  A wizard (D)
  A lindwurm (D)
  A necromancer (D)
  2 orb spiders (D)
  A deep elf mage (D)
  An ugly thing (D)
  2 wolf spiders (D)
  3 orc knights (D)
  A harpy (D)
  An orc sorcerer (D)
  A salamander (D)
  A cyclops (D)
  4 black mambas (D)
  Joseph (D)
  3 guardian serpents (D)
  A water nymph (D)
  A gargoyle (D)
  3 spiny frogs (D)
  A vault sentinel (D)
  2 komodo dragons (D)
  A kobold demonologist (D)
  An efreet (D)
  3 yaktaurs (D)
  2 jumping spiders (D)
  3 merfolk (D)
  7 tyrant leeches (D)
  2 slime creatures (D)
  2 hippogriffs (D)
  A redback (D)
  A water elemental (D)
  2 shadows (D)
  A vampire (D)
  5 wraiths (D)
  A yak (D)
  A tarantella (D)
  2 hogs (D)
  2 basilisks (D)
  A swamp worm (shapeshifter) (D)
  4 water moccasins (D)
  4 porcupines (D)
  An ice beast (D)
  9 orc warriors (D)
  2 boggarts (D)
  4 ogres (D)
  A centaur (D)
  3 crocodiles (D)
  A crimson imp (D)
  A jelly (D)
  5 orc priests (D)
  4 orc wizards (D)
  An adder (D)
  2 shadow imps (D)
  3 worms (D)
  4 orcs (D)
  A bat (D)
  2 hobgoblins (D)
  A quokka (D)
  A frilled lizard (D)
  A goblin (D)
  A leopard gecko zombie (D)
187 creatures vanquished.

Vanquished Creatures (others)
  A centaur warrior (D)
  An alligator (D)
  A spriggan druid (D)
3 creatures vanquished.

Grand Total: 190 creatures vanquished

Notes
Turn   | Place    | Note
-------+----------+-------------------------------------------
     0 | D        | emperorscorpion the Centaur Hunter began the quest for the Orb.
     0 | D        | Reached XP level 1. HP: 17/17 MP: 1/1
     8 | D        | Reached skill level 5 in Throwing
   165 | D        | Noticed a crimson imp
   165 | D        | Noticed a jelly
   165 | D        | Noticed an ice beast
   174 | D        | Reached skill level 6 in Throwing
   179 | D        | Reached XP level 2. HP: 18/24 MP: 2/2
   180 | D        | Reached skill level 7 in Throwing
   180 | D        | Reached XP level 3. HP: 18/30 MP: 3/3
   186 | D        | Killed an ice beast
   186 | D        | Reached skill level 10 in Throwing
   186 | D        | Reached skill level 1 in Armour
   186 | D        | Reached XP level 4. HP: 24/38 MP: 4/4
   186 | D        | Reached XP level 5. HP: 28/45 MP: 5/5
   193 | D        | Found a roughly hewn altar of Beogh.
   193 | D        | Found a snail-covered altar of Cheibriados.
   193 | D        | Found a shadowy altar of Dithmenos.
   193 | D        | Found a white marble altar of Elyvilon.
   193 | D        | Found a blossoming altar of Fedhas.
   193 | D        | Found an opulent altar of Gozag.
   194 | D        | Found a hazy altar of Hepliaklqana.
   195 | D        | Found a viscous altar of Jiyva.
   197 | D        | Found an ancient bone altar of Kikubaaqudgha.
   198 | D        | Found a corrupted altar of Lugonu.
   199 | D        | Found a burning altar of Makhleb.
   200 | D        | Found a sparkling altar of Nemelex Xobeh.
   201 | D        | Found an iron altar of Okawaru.
   202 | D        | Found a stormy altar of Qazlal.
   203 | D        | Found a sacrificial altar of Ru.
   204 | D        | Found a deep blue altar of Sif Muna.
   205 | D        | Found a bloodstained altar of Trog.
   206 | D        | Found a hide-covered altar of Uskayaw.
   207 | D        | Found a radiant altar of Vehumet.
   208 | D        | Found an ornate altar of the Wu Jian Council.
   209 | D        | Became a worshipper of Warmaster Okawaru
   210 | D        | Found a shimmering altar of Xom.
   211 | D        | Found a basalt altar of Yredelemnul.
   212 | D        | Found a glowing silver altar of Zin.
   213 | D        | Found a glowing golden altar of the Shining One.
   255 | D        | Got the +2 scimitar of Hepliaklqana's Hatred {venom, Int+4}
   398 | D        | Noticed a water moccasin
   398 | D        | Noticed a centaur
   409 | D        | Killed a water moccasin
   409 | D        | Reached * piety under Okawaru
   409 | D        | Reached skill level 1 in Long Blades
   409 | D        | Reached skill level 11 in Throwing
   409 | D        | Reached XP level 6. HP: 30/55 MP: 6/6
   416 | D        | Reached skill level 5 in Fighting
   416 | D        | Reached skill level 12 in Throwing
   420 | D        | Reached skill level 1 in Stealth
   669 | D        | Noticed a centaur warrior
   669 | D        | Noticed a gargoyle
   669 | D        | Noticed a shadow
   669 | D        | Noticed a five-headed hydra
   669 | D        | Noticed a centaur warrior
   669 | D        | Noticed a yak
   681 | D        | Killed a centaur warrior
   681 | D        | Reached ** piety under Okawaru
   681 | D        | Reached *** piety under Okawaru
   681 | D        | Reached skill level 5 in Long Blades
   681 | D        | Reached skill level 1 in Invocations
   681 | D        | Reached XP level 7. HP: 27/67 MP: 5/7
   681 | D        | Reached XP level 8. HP: 30/74 MP: 5/8
   701 | D        | Killed a five-headed hydra
   701 | D        | Reached skill level 13 in Throwing
   701 | D        | Reached skill level 5 in Armour
   701 | D        | Reached skill level 5 in Dodging
   994 | D        | Killed a gargoyle
   994 | D        | Reached **** piety under Okawaru
   994 | D        | Reached XP level 9. HP: 26/83 MP: 7/10
  1221 | D        | Killed a centaur warrior
  1475 | D        | Reached ***** piety under Okawaru
  1475 | D        | Reached skill level 10 in Fighting
  1634 | D        | Noticed a spiny frog
  1637 | D        | Noticed a spiny frog
  1647 | D        | Noticed a komodo dragon
  1649 | D        | Received a gift from Okawaru
  1857 | D        | Killed a spiny frog
  1857 | D        | Received a gift from Okawaru
  1859 | D        | Reached skill level 14 in Throwing
  1859 | D        | Reached XP level 10. HP: 79/94 MP: 10/12
  1875 | D        | Killed a spiny frog
  1875 | D        | Reached skill level 10 in Long Blades
  1887 | D        | Received a gift from Okawaru
  1935 | D        | Noticed a black mamba
  1949 | D        | Killed a black mamba
  2475 | D        | Noticed a lindwurm
  2495 | D        | Killed a lindwurm
  2495 | D        | Reached skill level 15 in Throwing
  2664 | D        | Noticed Josephine
  2670 | D        | Killed Josephine
  2670 | D        | Received a gift from Okawaru
  2670 | D        | Reached skill level 16 in Throwing
  2670 | D        | Reached XP level 11. HP: 72/102 MP: 13/13
  2701 | D        | Received a gift from Okawaru
  3021 | D        | Noticed an orc knight
  3021 | D        | Noticed an orc knight
  3032 | D        | Killed an orc knight
  3032 | D        | Reached skill level 17 in Throwing
  3050 | D        | Killed an orc knight
  3063 | D        | Noticed an orc sorcerer
  3063 | D        | Paralysed by an orc sorcerer for 6 turns
  3072 | D        | Killed an orc sorcerer
  3072 | D        | Received a gift from Okawaru
  3246 | D        | Noticed an orc knight
  3254 | D        | Killed an orc knight
  3254 | D        | Reached skill level 18 in Throwing
  3274 | D        | Found Tusais's General Store.
  3274 | D        | Noticed an ogre mage
  3274 | D        | Noticed a two-headed ogre
  3274 | D        | Noticed a two-headed ogre
  3274 | D        | Noticed an ogre mage
  3275 | D        | Noticed a two-headed ogre
  3277 | D        | Killed an ogre mage
  3279 | D        | Killed a two-headed ogre
  3282 | D        | Noticed a two-headed ogre
  3286 | D        | Killed a two-headed ogre
  3286 | D        | Reached skill level 19 in Throwing
  3294 | D        | Killed an ogre mage
  3298 | D        | Killed a two-headed ogre
  3301 | D        | Killed a two-headed ogre
  3301 | D        | Reached skill level 20 in Throwing
  3467 | D        | Found Qoutaosi's Assorted Antiques.
  3471 | D        | Found Selunny's Food Emporium.
  3475 | D        | Found Orunk's Food Shoppe.
  3478 | D        | Noticed an ogre mage
  3482 | D        | Noticed a two-headed ogre
  3482 | D        | Killed an ogre mage
  3482 | D        | Reached XP level 12. HP: 112/112 MP: 15/15
  3485 | D        | Killed a two-headed ogre
  3486 | D        | Noticed an ogre mage
  3493 | D        | Killed an ogre mage
  3493 | D        | Reached skill level 21 in Throwing
  3508 | D        | Bought a potion of mutation for 176 gold pieces
  3508 | D        | Bought a scroll labeled YFAEVV NAAHIT for 22 gold pieces
  3508 | D        | Bought a curved lead wand for 88 gold pieces
  3508 | D        | Bought a scroll of identify for 44 gold pieces
  3508 | D        | Bought a scroll of enchant armour for 165 gold pieces
  3508 | D        | Bought a potion of haste for 220 gold pieces
  3508 | D        | Bought a triangular brass amulet for 110 gold pieces
  3508 | D        | Bought 2 potions of curing for 132 gold pieces
  3511 | D        | Bought a potion of might for 52 gold pieces
  3511 | D        | Bought a potion of heal wounds for 65 gold pieces
  3511 | D        | Bought a ration for 65 gold pieces
  3511 | D        | Bought a scroll of enchant armour for 97 gold pieces
  3511 | D        | Bought a ration for 65 gold pieces
  3511 | D        | Bought the cursed +1 leather armour "Fanlynait" {Dex+3} for 224 gold pieces
  3541 | D        | Bought a ration for 70 gold pieces
  3541 | D        | Bought a ration for 70 gold pieces
  3541 | D        | Bought a ration for 70 gold pieces
  3541 | D        | Bought a ration for 70 gold pieces
  3541 | D        | Bought a ration for 70 gold pieces
  3595 | D        | Noticed Joseph
  3609 | D        | Killed Joseph
  3638 | D        | Noticed Harold
  3642 | D        | Killed Harold
  3642 | D        | Reached ****** piety under Okawaru
  3642 | D        | Received a gift from Okawaru
  3644 | D        | Noticed Urug
  3662 | D        | Killed Urug
  3926 | D        | Got the +6 scale mail of Creativity {+Blink Regen+ rCorr Int-3}
  3993 | D        | Reached skill level 1 in Evocations
  4005 | D        | Reached skill level 22 in Throwing
  4009 | D        | Noticed a rakshasa
  4012 | D        | Noticed a fire giant
  4016 | D        | Killed a rakshasa
  4020 | D        | Killed a fire giant
  4020 | D        | Received a gift from Okawaru
  4021 | D        | Got a twisted scimitar {god gift}
  4022 | D        | Identified the +4 scimitar "Riobiush" {freeze, rC+++ Str+3 Int-5 Dex-3} (Okawaru gifted it to you in the Dungeon)
  4039 | D        | Noticed a centaur warrior
  4040 | D        | Noticed a centaur warrior
  4041 | D        | Killed a centaur warrior
  4045 | D        | Noticed a vampire mage
  4046 | D        | Killed a centaur warrior
  4046 | D        | Reached skill level 10 in Armour
  4051 | D        | Killed a vampire mage
  4051 | D        | Reached skill level 5 in Evocations
  4180 | D        | Noticed a merfolk impaler
  4180 | D        | Noticed a merfolk javelineer
  4181 | D        | Noticed a merfolk avatar
  4189 | D        | Killed a merfolk javelineer
  4194 | D        | Killed a merfolk impaler
  4196 | D        | Reached skill level 5 in Invocations
  4198 | D        | Reached XP level 13. HP: 86/119 MP: 10/18
  4258 | D        | Noticed a nagaraja
  4265 | D        | Killed a nagaraja
  4265 | D        | Received a gift from Okawaru
  4540 | D        | Reached skill level 10 in Evocations
  4610 | D        | Noticed an entropy weaver
  4613 | D        | Received a gift from Okawaru
  4630 | D        | Killed an entropy weaver
  4630 | D        | Received a gift from Okawaru
  4773 | D        | Noticed Agnes
  4780 | D        | Killed Agnes
  4947 | D        | Noticed Snorg
  4953 | D        | Killed Snorg
  5008 | D        | Noticed a cyan very ugly thing
  5008 | D        | Noticed a lich
  5008 | D        | Noticed a storm dragon
  5017 | D        | Killed a lich
  5017 | D        | Received a gift from Okawaru
  5028 | D        | Killed a cyan very ugly thing
  5036 | D        | Received a gift from Okawaru
  5036 | D        | Reached skill level 10 in Invocations
  5037 | D        | Got a bloodstained buckler {god gift}
  5043 | D        | Killed a storm dragon
  5043 | D        | Reached XP level 14. HP: 98/132 MP: 17/23
  5055 | D        | Noticed a stone giant
  5058 | D        | Killed a stone giant
  5067 | D        | Noticed a stone giant
  5067 | D        | Reached skill level 1 in Shields
  5076 | D        | Killed a stone giant
  5076 | D        | Reached skill level 15 in Long Blades
  5079 | D        | Noticed a sphinx
  5089 | D        | Killed a sphinx
  5114 | D        | Noticed a frost giant
  5118 | D        | Killed a frost giant
  5209 | D        | Identified the +0 buckler "Tepri" {rC+++ MR- rCorr Dex-4} (Okawaru gifted it to you in the Dungeon)
  5348 | D        | Noticed a sphinx
  5348 | D        | Noticed a vault warden
  5375 | D        | Killed a sphinx
  5375 | D        | Received a gift from Okawaru
  5380 | D        | Killed a vault warden
  5382 | D        | Reached skill level 15 in Fighting
  5414 | D        | Noticed an ironheart preserver
  5421 | D        | Killed an ironheart preserver
  5633 | D        | Noticed an ironheart preserver
  5638 | D        | Killed an ironheart preserver
  5638 | D        | Received a gift from Okawaru
  5639 | D        | Reached skill level 10 in Dodging
  5643 | D        | Noticed a stone giant
  5672 | D        | Killed a stone giant
  5677 | D        | Reached skill level 15 in Invocations
  5813 | D        | Noticed Nergalle
  5818 | D        | Killed Nergalle
  5845 | D        | Noticed Kirke
  5855 | D        | Killed Kirke
  5919 | D        | Found the +27 Lear's hauberk
  6007 | D        | Noticed Nikola
  6023 | D        | Killed from afar by Nikola

Vault maps used:
D:        linesprint

Skill      XL: |  1  2  3  4  5  6  7  8  9 10 11 12 13 14 |
---------------+-------------------------------------------+-----
Throwing       | 6 7 10 11 12 13 14 16 20 22 | 22.6
Dodging        | 2 3 4 5 6 8 10 | 10.3
Fighting       | 3 4 7 9 10 11 12 14 15 | 15.5
Short Blades   | 2 |  2.4
Armour         | 1 2 4 5 6 8 9 10 11 13 | 13.1
Long Blades    | 1 5 7 9 11 12 14 16 | 16.6
Stealth        | 2 3 |  3.7
Invocations    | 1 2 3 4 5 10 15 | 15.5
Evocations     | 7 12 | 12.1
Shields        | 2 |  2.1

Action                   |  1- 3 |  4- 6 |  7- 9 | 10-12 | 13-15 || total
-------------------------+-------+-------+-------+-------+-------++-------
Melee: Short sword       |    38 |     5 |       |       |       ||    43
       Kick              |     7 |    10 |    17 |    23 |    16 ||    73
       Scimitar          |       |    27 |    52 |    78 |    34 ||   191
       Punch             |       |       |       |     1 |       ||     1
Throw: Javelin           |       |     3 |    15 |   210 |   239 ||   467
       Throwing net      |       |       |     1 |     2 |     3 ||     6
       Tomahawk          |       |       |       |    33 |    16 ||    49
Invok: Heroism           |       |     1 |     3 |     7 |     6 ||    17
       Finesse           |       |       |       |     1 |     2 ||     3
 Abil: Evoke Blink       |       |       |       |       |     4 ||     4
  Use: Potion            |     1 |     2 |     2 |     1 |     1 ||     7
       Scroll            |       |       |       |     4 |       ||     4
 Stab: Invisible         |       |     2 |       |       |       ||     2
  Eat: Chunk             |       |       |     2 |     6 |     2 ||    10
       Ration            |       |       |       |     1 |       ||     1
Armor: Leather armour    |    12 |     3 |       |     1 |       ||    16
       Chain mail        |       |    22 |    14 |    34 |       ||    70
       Scale mail        |       |       |       |     9 |    54 ||    63
Dodge: Dodged            |    19 |    14 |    21 |    35 |    35 ||   124
Block: Other             |       |       |       |     4 |    13 ||    17
       Reflection        |       |       |       |     1 |     1 ||     2
       Rpst.: Scimitar   |       |     2 |     4 |     5 |     3 ||    14

Table legend:
 A = Spawn XP
 B = Non-spawn XP
 C = Spawn XP percentage of total XP
 D = Spawn monster count
 E = Non-spawn monster count
 F = Spawn count percentage of total count
 G = Total turns spent on level
                    A         B        C        D         E        F      G
               +---------+---------+-------+---------+---------+-------+---------
         Total |       0 |  102004 |   0.0 |       0 |     188 |   0.0 |  6023
               +---------+---------+-------+---------+---------+-------+---------
             D |       0 |  102004 |   0.0 |       0 |     188 |   0.0 |  6023
               +---------+---------+-------+---------+---------+-------+---------
